 Dungeon Crawl Stone Soup version 0.25.0-26-g0c896c7088 (webtiles) character file.

Game seed: 9688709979200288960

5837 protoss039 the Covert (level 10, 0/56 HPs)
             Began as a Vampire Enchanter on July 4, 2020.
             Was a Believer of Dithmenos.
             Slain by a two-headed ogre
             ... wielding a +0 giant club
              (19 damage)
             ... on level 10 of the Dungeon.
             The game lasted 01:04:02 (12253 turns).

protoss039 the Covert (Vampire Enchanter)          Turns: 12253, Time: 01:04:02

Health: 0/56       AC:  7    Str:  7    XL:     10   Next: 51%
Magic:  14/20      EV: 14    Int: 19    God:    Dithmenos [**....]
Gold:   1099       SH:  5    Dex: 20    Spells: 10/22 levels left

rFire    + . .     SeeInvis +   a - +2 dagger (venom)
rCold    + + +     Gourm    .   (no shield)
rNeg     + + +     Faith    .   h - +2 leather armour {MR+}
rPois    ∞         Spirit   .   (no helmet)
rElec    .         Reflect  +   (no cloak)
rCorr    +         Harm     .   H - +0 pair of gloves {Dex+3}
MR       ++...                  g - +0 pair of boots
Stlth    +++++++++.             c - amulet of reflection
HPRegen  0.00/turn              y - ring of the Princeling {+Fly rF+ rC+}
MPRegen  0.17/turn              s - ring of resist corrosion

@: bloodless, wreathed by umbra
A: no food, fangs 3, see invisible, unbreathing
a: Bat Form, Revivify, Shadow Step, Renounce Religion, Evoke Flight


You were on level 10 of the Dungeon.
You worshipped Dithmenos.
Dithmenos was pleased with you.
You were bloodless.

You visited 2 branches of the dungeon, and saw 11 of its levels.
You also visited: Ossuary and Bailey.

You collected 1336 gold pieces.
You spent 237 gold pieces at shops.

Inventory:

Hand Weapons
 a - a +2 dagger of venom (weapon)
 J - a +2 short sword of freezing
Missiles
 K - 54 boomerangs (quivered)
 O - 3 atropa-tipped darts
Armour
 g - a +0 pair of boots (worn)
 h - a +2 leather armour of magic resistance (worn)
 H - a +0 pair of gloves of dexterity (worn)
Jewellery
 c - an amulet of reflection (around neck)
 s - a ring of resist corrosion (right hand)
 t - an uncursed amulet of magic regeneration
 y - the ring of the Princeling (left hand) {+Fly rF+ rC+}
   (You found it on level 4 of the Dungeon)

   [ring of protection from fire]

   It protects you from fire.
   It protects you from cold.
   It lets you fly.
 F - an uncursed amulet of regeneration
 I - a cursed -4 ring of intelligence {unknown}
Wands
 p - a wand of flame (17)
 D - a wand of disintegration (21)
 E - a wand of polymorph (9)
 M - a wand of iceblast (6)
Scrolls
 b - 4 scrolls of teleportation {unknown}
 d - 3 scrolls of enchant weapon {unknown}
 e - a scroll of fear {unknown}
 i - a scroll of enchant armour {unknown}
 j - 2 scrolls of remove curse
 l - 2 scrolls of amnesia {unknown}
 n - 3 scrolls of blinking {unknown}
 o - 2 scrolls of magic mapping {unknown}
 v - 2 scrolls of holy word {unknown}
 G - a scroll of noise {unknown}
 N - 2 scrolls of identify
Potions
 f - 2 potions of curing
 k - a potion of berserk rage
 m - 3 potions of lignification {unknown}
 q - 5 potions of haste {unknown}
 r - 2 potions of stabbing {unknown}
 u - 2 potions of ambrosia {unknown}
 w - a potion of resistance
 x - 4 potions of heal wounds {unknown}
 z - 4 potions of degeneration {unknown}
 A - 2 potions of might {unknown}
 B - a potion of brilliance {unknown}
 C - 2 potions of flight {unknown}
Miscellaneous
 L - a tin of tremorstones (3/3)


   Skills:
 + Level 3.0 Fighting
 + Level 4.7 Short Blades
 - Level 4.0 Armour
 + Level 4.2 Dodging
 + Level 13.2 Stealth
 + Level 6.8 Spellcasting
 + Level 10.0 Hexes
 - Level 1.0 Ice Magic
 * Level 3.9 Invocations


You had 10 spell levels left.
You knew the following spells:

 Your Spells              Type           Power        Failure   Level  Hunger
a - Corona                Hex            #####..      1%          1    N/A
b - Confusing Touch       Hex            #####...     1%          3    N/A
c - Ensorcelled Hibernat  Hex/Ice        ####..       2%          2    N/A
d - Tukima's Dance        Hex            #####...     1%          3    N/A
e - Dazzling Flash        Conj/Hex       ####..       6%          3    N/A

Your spell library contained the following spells:

 Spells                   Type           Power        Failure   Level  Hunger


Dungeon Overview and Level Annotations

Branches:
Dungeon (10/15)            Temple (1/1) D:4            Lair (0/6) D:10
Ossuary (visited)          Bailey (visited)
    Orc: D:9-12

Altars:
Ashenzari
Cheibriados
Dithmenos
Elyvilon
Fedhas
Gozag
Hepliaklqana
Kikubaaqudgha
Makhleb
Nemelex Xobeh
Okawaru
Qazlal
Ru
Sif Muna
Trog
Uskayaw
Vehumet
Wu Jian
Xom
Yredelemnul
Zin
The Shining One

Shops:
D:5 %*(   D:6 [(


Innate Abilities, Weirdness & Mutations

You do not eat.
You do not regenerate when monsters are visible.
You are frail without blood (-20% HP).
You can heal yourself when you bite living creatures.
You are immune to poison.
You have razor-sharp teeth.
You have supernaturally acute eyesight. (SInv)
You can survive without breathing.


Message History

* * * LOW HITPOINT WARNING * * *
You block the two-headed ogre's attack.
Unknown command.
Unknown command.
Casting: Ensorcelled Hibernation (safe; 2% risk of failure)
Confirm with . or Enter, or press ? or * to list all spells.
Aiming: Corona (safe; 1% risk of failure)
Press: ? - help, Shift-Dir - straight line, f/p - two-headed ogre
Aim: a two-headed ogre, wielding a +0 giant club (severely wounded, umbra, chance to defeat MR: 63%)
Okay, then.
Casting: Corona (safe; 1% risk of failure)
Confirm with . or Enter, or press ? or * to list all spells.
Aiming: Ensorcelled Hibernation (safe; 2% risk of failure)
Press: ? - help, Shift-Dir - straight line, f/p - two-headed ogre
Aim: a two-headed ogre, wielding a +0 giant club (severely wounded, umbra, chance to defeat MR: 38%)
The two-headed ogre easily resists.
You see here 21 bolts.
You feel better.
The two-headed ogre hits you with a +0 giant club!!
You die...

.###.# #.....# #.# #.# ...#.#
#.....# #.### #.#
.#.#.#####.....# #...# #.#
.......>###.#########.# #.#
.#.#............(.....# #.#
.#.#..#####.########..# #.#
.#.#..................# #.#
.(....######.#######.########.#
#'##..# #......@O............#
...#..# #.#.#######.##########
.⌠.#..# #.#....<..#.# ...#..#
#.#####...#.#
#'##..####.#.......#.#######
......#....#.###...#....†..#
#####.#.####.#####'#######.# .#
#......#....##.# #.# .#
#.####.######8.8 #.##


You could see a two-headed ogre.

Vanquished Creatures
  An orc knight (Bailey)
  A troll (D:10)
  Grinder (D:3)
  A wyvern (D:5)
  A spriggan (D:7)
  Sigmund (D:5)
  A steam dragon (D:10)
  A hungry ghost (D:8)
  2 orc warriors (Bailey)
  3 water moccasins
  3 sky beasts
  2 black bears
  2 necrophages
  A phantom (D:9)
  5 ogres
  A centaur (D:9)
  3 wolves (D:10)
  A gnoll sergeant (D:5)
  3 bullfrogs
  A water moccasin zombie (D:8)
  A wyvern skeleton (D:9)
  6 scorpions
  5 killer bees
  3 electric eels (D:10)
  4 howler monkeys
  3 crimson imps
  2 centaur zombies (D:8)
  A bullfrog zombie (D:9)
  7 hounds
  A centaur skeleton (D:7)
  An orc priest (D:4)
  2 orc wizards (D:9)
  A bullfrog skeleton (D:7)
  3 iguanas
  4 worker ants
  8 mummies (Ossuary)
  A worker ant zombie (D:5)
  12 gnolls
  8 adders
  A shadow imp (D:10)
  3 oozes
  An adder skeleton (D:7)
  A worm (D:3)
  A dart slug (D:2)
  5 leopard geckos
  14 orcs
  13 bats
  10 giant cockroaches
  10 hobgoblins
  13 jackals
  20 kobolds
  A quokka (D:4)
  9 frilled lizards
  7 goblins
  4 hobgoblin zombies (Ossuary)
  2 kobold zombies (Ossuary)
  2 orc zombies (Ossuary)
  A quokka skeleton (D:7)
  A quokka zombie (D:4)
  6 rats
233 creatures vanquished.

Vanquished Creatures (collateral kills)
  An orc warrior (Bailey)
  2 gnolls
  A worm (D:5)
  3 orcs
  5 goblins
  2 hobgoblins (Bailey)
14 creatures vanquished.

Vanquished Creatures (others)
  8 dancing weapons
  2 plants (D:8)
10 creatures vanquished.

Grand Total: 257 creatures vanquished

Notes
Turn   | Place    | Note
-------+----------+-------------------------------------------
     0 | D:1      | protoss039 the Vampire Enchanter began the quest for the
                  | Orb.
     0 | D:1      | Reached XP level 1. HP: 13/13 MP: 3/3
   136 | D:1      | Reached skill level 5 in Stealth
   167 | D:1      | Reached XP level 2. HP: 17/19 MP: 5/5
   963 | D:2      | Reached XP level 3. HP: 12/24 MP: 3/6
  1036 | D:2      | Learned a level 3 spell: Confusing Touch
  1039 | D:2      | Learned a level 2 spell: Ensorcelled Hibernation
  1776 | D:3      | Found a hazy altar of Hepliaklqana.
  1776 | D:3      | Found a shattered altar of Ashenzari.
  1781 | D:3      | Found an ornate altar of the Wu Jian Council.
  1783 | D:3      | Found a burning altar of Makhleb.
  1784 | D:3      | Found a radiant altar of Vehumet.
  1788 | D:3      | Reached XP level 4. HP: 24/24 MP: 7/7
  1872 | D:3      | Noticed Grinder
  1881 | D:3      | Killed Grinder
  1881 | D:3      | Reached skill level 1 in Armour
  1881 | D:3      | Reached skill level 6 in Stealth
  1881 | D:3      | Reached skill level 5 in Hexes
  1881 | D:3      | Reached XP level 5. HP: 16/28 MP: 2/9
  1881 | D:3      | Reached XP level 6. HP: 19/33 MP: 2/10
  2177 | D:3      | Found a faded altar of an unknown god.
  2459 | D:3      | Noticed Sigmund
  2811 | D:4      | Learned a level 3 spell: Tukima's Dance
  2986 | D:4      | Found a sand-covered staircase.
  2990 | Ossuary  | Entered an ossuary
  3183 | Ossuary  | Reached skill level 1 in Fighting
  3183 | Ossuary  | Reached skill level 1 in Ice Magic
  3724 | D:4      | Found a staircase to the Ecumenical Temple.
  3731 | D:4      | Got a twitching tin ring
  3741 | Temple   | Entered the Ecumenical Temple
  4240 | D:4      | Reached skill level 7 in Stealth
  4240 | D:4      | Reached XP level 7. HP: 38/38 MP: 10/12
  5628 | D:5      | Entered Level 5 of the Dungeon
  5633 | D:5      | Learned a level 3 spell: Dazzling Flash
  5658 | D:5      | Identified the ring of the Princeling {+Fly rF+ rC+} (You
                  | found it on level 4 of the Dungeon)
  5745 | D:5      | Found Veis's Antique Weapon Boutique.
  6209 | D:5      | Killed Sigmund
  6209 | D:5      | Reached skill level 8 in Stealth
  6209 | D:5      | Reached XP level 8. HP: 43/43 MP: 8/14
  6317 | D:5      | Found Qeyquf's Food Shop.
  6319 | D:5      | Found Oreik's Assorted Antiques.
  6337 | D:5      | Bought 2 smoky orange potions for 32 gold pieces
  6337 | D:5      | Bought 2 ruby potions for 32 gold pieces
  6337 | D:5      | Bought a bubbling sapphire potion for 16 gold pieces
  6538 | D:5      | Reached skill level 5 in Spellcasting
  7185 | D:5      | Found a shattered altar of Ashenzari.
  7389 | D:6      | Found Ympihep's Antique Armour Emporium.
  7398 | D:6      | Bought a pair of embroidered gloves for 157 gold pieces
  7419 | D:6      | Reached skill level 9 in Stealth
  7555 | D:6      | Found an opulent altar of Gozag.
  7571 | D:6      | Noticed a +0 dagger
  7573 | D:6      | Noticed a +0 dagger
  7574 | D:6      | Found a hide-covered altar of Uskayaw.
  7674 | D:6      | Found Arau's Antique Weapon Boutique.
  7815 | D:6      | Found a shadowy altar of Dithmenos.
  7846 | D:6      | Reached skill level 10 in Stealth
  7853 | D:6      | Became a worshipper of Dithmenos the Shadowed
  8199 | D:7      | Found a stormy altar of Qazlal.
  8231 | D:7      | Reached XP level 9. HP: 39/48 MP: 12/17
  8560 | D:7      | Reached skill level 1 in Invocations
  8580 | D:7      | Found a glowing golden altar of the Shining One.
  9585 | D:8      | Reached skill level 11 in Stealth
  9848 | D:9      | Reached * piety under Dithmenos
 10074 | D:9      | Found a flagged portal.
 10152 | Bailey   | Entered a bailey
 10172 | Bailey   | Noticed an orc knight
 10182 | Bailey   | Killed an orc knight
 10182 | Bailey   | Reached XP level 10. HP: 34/54 MP: 6/19
 10314 | Bailey   | Reached ** piety under Dithmenos
 10691 | D:9      | Reached skill level 12 in Stealth
 11129 | D:10     | Entered Level 10 of the Dungeon
 11535 | D:10     | Reached skill level 13 in Stealth
 11842 | D:10     | Found a staircase to the Lair.
 11854 | D:10     | Reached skill level 10 in Hexes
 12132 | D:10     | Noticed a two-headed ogre
 12253 | D:10     | Slain by a two-headed ogre

Illustrated notes

Levels and vault maps discovered:
D:1:      onia_arrival_mini_maze, layout_rooms, minivault_24,
          wander_ebering_terrifying_dragon_lair
D:2:      layout_rooms
D:3:      layout_loops_ring, chequers_temple_overflow_minitemple, first_ration,
          chequers_ecumenical_altar_simple_redux, kennysheep_generic_room_13,
          uniq_grinder, uniq_sigmund
D:4:      wad_lake_hut, layout_basic, minmay_temple_entry_glassed_door,
          lightli_ossuary_entry_decrepit_ruins
D:5:      layout_basic, serial_shops, shop, shop, shop,
          nicolae_ashenzari_panopticon
D:6:      layout_loops_ring, dancing_weapons_uskayaw,
          nicolae_dithmenos_through_a_glass_darkly, kennysheep_mini_moat,
          serial_shops, nicolae_shop_overgrown_old_shop, shop,
          minmay_misc_feat_cross
D:7:      layout_basic, kennysheep_little_box, marbit_many_paths, the_bakery
D:8:      layout_basic, serial_bayou, serial_bayou_pond_e, serial_bayou_pond_e,
          serial_bayou_pond_e, serial_bayou_lake_a, serial_bayou_pond_c,
          serial_bayou_lagoon_a, grunt_tough_drop
D:9:      layout_long_grid, lightli_bailey_entry_fortress
D:10:     layout_basic, erik_lair_island, minmay_misc_feat_room,
          dk_noncrumbling_2
Temple:   minmay_temple_forest_path

Skill      XL: |  1  2  3  4  5  6  7  8  9 10 |
---------------+-------------------------------+-----
Stealth        | 5 6 7 8 10 11 13 | 13.2
Short Blades   | 2 3 4 |  4.7
Armour         | 1 2 3 4 |  4.0
Dodging        | 3 4 |  4.2
Hexes          | 5 6 7 8 9 10 | 10.0
Spellcasting   | 3 4 5 6 |  6.8
Fighting       | 1 2 3 |  3.0
Ice Magic      | 1 |  1.0
Invocations    | 3 |  3.9

Action                   |  1- 3 |  4- 6 |  7- 9 | 10-12 || total
-------------------------+-------+-------+-------+-------++-------
Melee: Dagger            |   164 |   146 |   240 |    92 ||   642
       Bite              |    12 |    15 |    22 |     6 ||    55
       Short sword       |       |       |    15 |       ||    15
Throw: Boomerang         |       |       |       |     1 ||     1
 Cast: Corona            |    30 |    27 |    35 |     9 ||   101
       Ensorcelled Hiber |     4 |    13 |    70 |    42 ||   129
       Confusing Touch   |     1 |     9 |    19 |     5 ||    34
       Tukima's Dance    |       |     1 |    14 |     5 ||    20
       Dazzling Flash    |       |       |       |     3 ||     3
 Abil: Exsanguinate      |     1 |       |       |       ||     1
       Evoke Flight      |       |       |       |     3 ||     3
       Stop Flying       |       |       |       |     1 ||     1
  Use: Scroll            |       |     4 |     4 |       ||     8
       Potion            |       |       |     1 |     2 ||     3
 Stab: Sleeping          |    10 |    18 |    63 |    26 ||   117
       Confused          |       |    11 |    14 |     3 ||    28
       Distracted        |       |       |     1 |       ||     1
Armor: Robe              |    25 |       |       |       ||    25
       Leather armour    |    42 |    31 |    62 |    24 ||   159
Dodge: Dodged            |   153 |    58 |   224 |   135 ||   570
Block: Other             |       |    13 |    63 |    34 ||   110
       Reflection        |       |       |    15 |    17 ||    32
